 Dungeon Crawl Stone Soup version 0.29.1-1-gd02db6906a (console) character file.

Game seed: 17898364080614810266

1047 erker the Changer (level 8, 0/62 HPs)
             Began as an Octopode Transmuter on Oct 8, 2022.
             Killed from afar by an orc wizard (9 damage)
             ... with a puff of flame
             ... on level 6 of the Dungeon.
             The game lasted 00:22:53 (6934 turns).

erker the Changer (Octopode Transmuter)             Turns: 6934, Time: 00:22:54

Health: 0/62       AC:  7    Str:  9    XL:     8   Next: 25%
Magic:  8/14       EV: 10    Int: 18    God:
Gold:   304        SH:  0    Dex: 12    Spells: 2/15 levels left

rFire   x . .      SeeInvis .     - Unarmed
rCold   + + +      Faith    .   (shield currently unavailable)
rNeg    . . .      Spirit   .   (helmet currently unavailable)
rPois   +          Reflect  .   (no amulet)
rElec   .          Harm     .   d - ring of resist corrosion
rCorr   +          Rampage  .   w - ring of wizardry
Will    .....                   (no ring)
Stlth   +.........              (no ring)
HPRegen 0.20/turn               (no ring)
MPRegen 0.14/turn               (no ring)
                                (no ring)
                                (no ring)

@: ice-form, wereblooded
A: freezing attack, boosted hp, almost no armour, amphibious, 8 rings, large,
(camouflage 1), (gelatinous body 1), (nimble swimmer 1), (tentacles)
a: End Transformation


You were on level 6 of the Dungeon.
You were a creature of crystalline ice.
You visited 2 branches of the dungeon, and saw 8 of its levels.

You collected 304 gold pieces.

Inventory:

Hand Weapons
 q - a +5 dagger of pain
Missiles
 c - 5 poisoned darts
Armour
 l - the -2 hat of the Fletcher (melded) {Str+3}
   (You found it on level 2 of the Dungeon)

   Str:       It affects your strength (+3).
Jewellery
 d - a ring of resist corrosion (left front paw)
 w - a ring of wizardry (right front paw)
Wands
 x - a wand of flame (4)
Scrolls
 b - a scroll of poison
 g - a scroll of identify
 h - 2 scrolls of enchant armour
 i - 3 scrolls of teleportation {unknown}
 k - 2 scrolls of enchant weapon
 p - 3 scrolls of amnesia {unknown}
 r - 5 scrolls of fog {unknown}
 t - a scroll of fear {unknown}
 u - a scroll of vulnerability {unknown}
 y - a scroll of blinking {unknown}
Potions
 a - 3 potions of lignification
 e - 3 potions of curing
 f - 5 potions of mutation {unknown}
 j - 4 potions of brilliance {unknown}
 m - 3 potions of heal wounds {unknown}
 n - a potion of ambrosia {unknown}
 o - a potion of might {unknown}
 s - 2 potions of invisibility {unknown}
 v - a potion of berserk rage {unknown}


   Skills:
 + Level 3.0 Fighting
 + Level 3.5 Dodging
 + Level 4.2 Unarmed Combat
 - Level 4.0 Spellcasting
 + Level 5.0 Transmutations
 + Level 3.8 Ice Magic
 - Level 3.0 Poison Magic


You had 2 spell levels left.
You knew the following spells:

 Your Spells              Type           Power      Damage    Failure   Level
a - Beastly Appendage     Tmut           42%        N/A       1%          1
o - Ozocubu's Armour      Ice            17%        N/A       4%          3
s - Spider Form           Tmut/Pois      18%        N/A       3%          3
w - Wereblood             Tmut           21%        N/A       1%          2
y - Ice Form              Ice/Tmut       19%        N/A       10%         4

Your spell library contained the following spells:

 Spells                   Type           Power      Damage    Failure   Level
 Apportation              Tloc           6%         N/A       6%          1
 Necrotise                Necr           12%        1d4       6%          1
 Summon Small Mammal      Summ           12%        N/A       6%          1
 Metabolic Englaciation   Hex/Ice        5%         N/A       56%         5
 Simulacrum               Ice/Necr       5%         N/A       98%         6


Dungeon Overview and Level Annotations

Branches:
Dungeon (7/15)             Temple (1/1) D:4

Altars:
Ashenzari
Cheibriados
Dithmenos
Elyvilon
Fedhas
Hepliaklqana
Kikubaaqudgha
Makhleb
Nemelex Xobeh
Okawaru
Qazlal
Ru
Sif Muna
Trog
Uskayaw
Vehumet
Wu Jian
Xom
Yredelemnul
The Shining One


Innate Abilities, Weirdness & Mutations

You are a creature of crystalline ice.
You have a powerful freezing melee attack.
Your maximum health is increased.
Your armour is entirely melded.
You are incapable of wielding weapons or throwing items.
You cannot wear most types of armour.
You are amphibious.
You can wear up to eight rings at the same time.
((Your skin changes colour to match your surroundings (Stealth+).))
((Your rubbery body absorbs attacks. (AC +1, EV +1)))
((You are camouflaged when in or above water. (Stealth+)))
((You have tentacles for arms and can constrict up to eight enemies at once.))


Message History

You closely miss the wight. Something hits you.
The wight hits you with a +0 flail! The wight hits you with a +0 mace.
The wight hits you with a +4 battleaxe!
* * * LOW HITPOINT WARNING * * *
Something hits you but does no damage. The wight attacks as you move away!
The wight hits you with a +0 flail.
* * * LOW HITPOINT WARNING * * *
You howl as the wereblood boils in your veins!
Things that are here:
a +0 dagger; a +0 ring mail; an orc corpse You are too confused!
Unknown command.
Unknown command.
Unknown command.
Unknown command.
Unknown command.
Unknown command.
Unknown command.
Unknown command.
You hit the wight.
The wight is lightly damaged.
Something hits you.
* * * LOW HITPOINT WARNING * * *
The wight hits you but does no damage. Something hits you but does no damage.
There is a stone staircase leading up here.
You feel less confused. Something hits you.
* * * LOW HITPOINT WARNING * * *
The wight closely misses you.
You climb upwards.
Reactivating autopickup.
There is a stone staircase leading down here.
It was a potion of curing.
You feel better.
You howl as the wereblood boils in your veins!
You hear an angry hiss.
You hear some strange, mumbled words.
A puff of flame appears from out of thin air!
Deactivating autopickup; reactivate with Ctrl-A.
The puff of flame hits you! The fire burns you terribly!
You die...

#.#* ##.......#
#...
###..###.####.###
#.##
#.....#.#####.###
#.## #.#.S...#
#.....# #>##
#.###..## #.....#
#.## #.*#...#
#.....# #.#*
#.*#.#.# #.....#
#.., #.##.#z#
#.....# ##.*
#.<..{Y# #######
*.# ####.### *.#
#.# *.# #.# *,*
#.#*** *,* #..,,*
*******,* ###*,*
*,,,<,,,*
*,*******,*******
*,,,,,,,,,*


You could see a water moccasin and a wight.

Vanquished Creatures
  Edmund (D:5)
  2 water moccasins
  An orc warrior (D:7)
  An ice beast (D:5)
  An ogre (D:5)
  A phantom (D:5)
  A hound (D:6)
  An orc priest (D:5)
  An iguana (D:6)
  4 orc wizards
  6 adders
  A shadow imp (D:5)
  A white imp (D:5)
  A worm (D:3)
  2 dart slugs
  22 orcs
  7 endoplasms
  2 giant cockroaches
  12 hobgoblins
  5 quokkas
  6 ball pythons
  7 bats
  4 frilled lizards
  11 goblins
  10 kobolds
  7 rats
118 creatures vanquished.

Notes
Turn   | Place    | Note
-------+----------+-------------------------------------------
     0 | D:1      | erker the Octopode Transmuter began the quest for the Orb.
     0 | D:1      | Reached XP level 1. HP: 13/13 MP: 3/3
   230 | D:1      | Reached XP level 2. HP: 16/18 MP: 3/5
   417 | D:1      | Reached skill level 3 in Transmutations
   569 | D:1      | Reached XP level 3. HP: 15/23 MP: 6/6
   707 | D:1      | Learned a level 3 spell: Spider Form
   729 | D:1      | Found a faded altar of an unknown god.
  1200 | D:2      | Reached skill level 1 in Poison Magic
  1261 | D:2      | Identified the -2 hat of the Fletcher {Str+3}
  1672 | D:2      | Reached XP level 4. HP: 28/28 MP: 5/7
  2162 | D:2      | Found the +1 Delatra's gloves {ID++}
  2702 | D:3      | Reached XP level 5. HP: 29/33 MP: 8/8
  3316 | D:3      | Reached skill level 4 in Transmutations
  3793 | D:3      | Learned a level 2 spell: Wereblood
  3830 | D:4      | Found a staircase to the Ecumenical Temple.
  3838 | Temple   | Entered the Ecumenical Temple
  3940 | D:4      | Found a burning altar of Makhleb.
  3958 | D:4      | You fall into a shaft and drop 3 floors!
  4073 | D:6      | Reached XP level 6. HP: 11/39 MP: 5/9
  4295 | D:6      | Found a hide-covered altar of Uskayaw.
  4303 | D:6      | Found a sacrificial altar of Ru.
  4409 | D:6      | Noticed a water moccasin
  4449 | D:6      | Noticed a water moccasin
  4474 | D:6      | Killed a water moccasin
  4668 | D:6      | Learned a level 4 spell: Ice Form
  4685 | D:5      | Entered Level 5 of the Dungeon
  4728 | D:5      | Noticed an ice beast
  4757 | D:5      | Killed an ice beast
  4758 | D:5      | Reached skill level 1 in Ice Magic
  4758 | D:5      | Reached XP level 7. HP: 32/44 MP: 8/12
  5178 | D:5      | Learned a level 3 spell: Ozocubu's Armour
  5681 | D:4      | Found a glowing golden altar of the Shining One.
  6080 | D:5      | Noticed Edmund
  6091 | D:5      | Killed Edmund
  6801 | D:7      | Reached XP level 8. HP: 22/51 MP: 5/14
  6918 | D:7      | Reached skill level 5 in Transmutations
  6932 | D:7      | HP: 2/62 [something (4)]
  6934 | D:6      | Killed from afar by an orc wizard

Illustrated notes

Levels and vault maps discovered:
D:1:      minmay_arrival_jagged, layout_loops_ring,
          ebering_ecumenical_altar_ruins, minmay_crystal_room, minmay_tromino_v2
D:2:      layout_loops_cross, pf_guarded_unrand_delatra
D:3:      layout_loops_ring
D:4:      layout_cave_pools, nicolae_tso_swordbearing_angel, bloody_makhleb,
          minmay_temple_entry_waves, chequers_ossuary_entry_cave
D:5:      layout_basic, roderic_lattice_a, kennysheep_potato, uniq_edmund
D:6:      layout_loops_cross, mainiacjoe_overflow_large_starburst,
          minmay_misc_feat_columns, amcnicky_mini_rare_corridor_liquid,
          minmay_shop_damaged, ebering_dispersal_statue_hall
D:7:      layout_rooms
Temple:   nicolae_temple_x_marks_the_god

Skill      XL: |  1  2  3  4  5  6  7  8 |
---------------+-------------------------+-----
Transmutations | 3 4 5 |  5.0
Poison Magic   | 2 3 |  3.0
Spellcasting   | 3 4 |  4.0
Ice Magic      | 1 3 |  3.8
Fighting       | 2 3 |  3.0
Dodging        | 3 |  3.5
Unarmed Combat | 4 |  4.2

Action                   |  1- 3 |  4- 6 |  7- 9 || total
-------------------------+-------+-------+-------++-------
Melee: Unarmed           |    83 |   138 |    79 ||   300
       Kick              |    21 |     7 |       ||    28
       Constrict         |    23 |    10 |     1 ||    34
       Tentacles         |    14 |     6 |     2 ||    22
       Punch             |       |     1 |       ||     1
 Cast: Beastly Appendage |    25 |    17 |       ||    42
       Spider Form       |     1 |    11 |     1 ||    13
       Ice Form          |       |     1 |     9 ||    10
       Wereblood         |       |       |     3 ||     3
       Ozocubu's Armour  |       |       |     4 ||     4
Evoke: Wand              |       |     2 |       ||     2
  Use: Scroll            |       |     5 |       ||     5
       Potion            |       |     1 |     1 ||     2
 Stab: Sleeping          |     7 |     4 |     1 ||    12
Armor: Skin              |     5 |    23 |    38 ||    66
Dodge: Dodged            |    52 |    67 |    30 ||   149
